 Dungeon Crawl Stone Soup version 0.25.0-11-g1f837a76a1 (webtiles) character file.

Game seed: 16598329848874246797

128 Apogee the Charmwright (level 5, -5/43 HPs)
             Began as a Gnoll Skald on June 26, 2020.
             Slain by an orc
             ... wielding a cursed +0 flail
              (10 damage)
             ... on level 3 of the Dungeon.
             The game lasted 00:03:37 (2702 turns).

Apogee the Charmwright (Gnoll Skald)                Turns: 2702, Time: 00:03:38

Health: -5/43      AC:  3    Str: 14    XL:     5   Next: 12%
Magic:  12/12      EV: 14    Int: 15    God:
Gold:   77         SH:  0    Dex: 15    Spells: 13/14 levels left

rFire    . . .     SeeInvis .   a - +0 spear
rCold    . . .     Gourm    .   (no shield)
rNeg     . . .     Faith    .   b - +0 leather armour
rPois    .         Spirit   .   (no helmet)
rElec    .         Reflect  .   (no cloak)
rCorr    .         Harm     .   (no gloves)
MR       .....                  (no boots)
Stlth    ++........             (no amulet)
HPRegen  0.14/turn              (no ring)
MPRegen  0.13/turn              (no ring)

@: no status effects
A: distributed training, fangs 1, strong nose
a: no special abilities


You were on level 3 of the Dungeon.
You were not hungry.

You visited 1 branch of the dungeon, and saw 3 of its levels.

You collected 77 gold pieces.

Inventory:

Hand Weapons
 a - a +0 spear (weapon)
Missiles
 i - 4 javelins (quivered)
Armour
 b - a +0 leather armour (worn)
Jewellery
 f - an uncursed ring of positive energy {unknown}
 k - a cursed ring of teleportation {unknown}
Scrolls
 e - 4 scrolls of identify {unknown}
 g - a scroll of remove curse {unknown}
 j - a scroll of fog {unknown}
 m - a scroll of teleportation {unknown}
 p - a scroll of enchant weapon {unknown}
Potions
 c - 2 potions of heal wounds {unknown}
 h - 2 potions of stabbing {unknown}
 l - a potion of curing {unknown}
 n - a potion of lignification {unknown}
 o - a potion of flight {unknown}
Comestibles
 d - 7 rations


   Skills:
 + Level 4.7 Fighting
 + Level 1.3 Short Blades
 + Level 1.3 Long Blades
 + Level 1.3 Axes
 + Level 1.3 Maces & Flails
 + Level 4.7 Polearms
 + Level 1.3 Staves
 + Level 1.3 Slings
 + Level 1.3 Bows
 + Level 1.3 Crossbows
 + Level 1.3 Throwing
 + Level 2.9 Armour
 + Level 4.7 Dodging
 + Level 1.3 Stealth
 + Level 1.3 Shields
 + Level 1.3 Unarmed Combat
 + Level 5.1 Spellcasting
 + Level 1.1 Conjurations
 + Level 1.1 Hexes
 + Level 5.5 Charms
 + Level 1.1 Summonings
 + Level 1.1 Necromancy
 + Level 1.1 Translocations
 + Level 1.1 Transmutations
 + Level 1.1 Fire Magic
 + Level 1.1 Ice Magic
 + Level 1.1 Air Magic
 + Level 1.1 Earth Magic
 + Level 1.1 Poison Magic
 + Level 1.5 Invocations
 + Level 1.3 Evocations


You had 13 spell levels left.
You knew the following spells:

 Your Spells              Type           Power        Failure   Level  Hunger
a - Infusion              Chrm           ###.         1%          1    None

Your spell library contained the following spells:

 Spells                   Type           Power        Failure   Level  Hunger
 Song of Slaying          Chrm           ###.....     3%          2    ##.....
 Shroud of Golubria       Chrm/Tloc      ##....       8%          2    ##.....
 Ozocubu's Armour         Chrm/Ice       ##......     16%         3    ###....
 Spectral Weapon          Hex/Chrm       ##......     16%         3    ###....


Dungeon Overview and Level Annotations

Branches:
Dungeon (3/15)

Altars:
The Shining One


Innate Abilities, Weirdness & Mutations

Your experience applies equally to all skills.
You have very sharp teeth.
Your uncanny sense of smell can sniff out nearby items.


Message History

You hit the orc but do no damage.
The orc is almost dead.
The orc hits you but does no damage.
You closely miss the orc.
The orc is almost dead.
The orc closely misses you.
Attack whom?
Press: ? - help, Dir - move target cursor, f - orc, p - orc
Aim: an orc, wielding a +0 flail and wearing a +0 leather armour The orc is in the way.
You hit the orc.
You kill the orc!
You hit the orc.
The orc is heavily wounded.
The orc barely misses you.
You barely miss the orc.
The orc is heavily wounded.
You feel sick.
You are no longer poisoned.
The orc hits you with a cursed +0 flail!
You die...

................#
#..###..........# .#
#..........# .#
#..........# ####S####
#####.÷#######........
# ##÷### #......... #
#.).# #......... #
###o####......... #.#
#@##?.......>.. ..#
... #.##)##........
..##...#
#.##.##........
.......##
#.##...........
........#
##.#...#......>.
.#......#
#....#.#........
........#
##..)...####.####
.##......#####......##
.#
.......#....##....###


You could see an orc.

Vanquished Creatures
  3 gnolls (D:3)
  2 adders
  An ooze (D:1)
  A worm (D:2)
  4 leopard geckos
  5 orcs (D:3)
  5 bats
  3 giant cockroaches
  4 goblins
  6 hobgoblins
  8 jackals (D:1)
  A quokka (D:3)
  2 frilled lizards (D:1)
  6 kobolds
  13 rats
64 creatures vanquished.

Notes
Turn   | Place    | Note
-------+----------+-------------------------------------------
     0 | D:1      | Apogee the Gnoll Skald began the quest for the Orb.
     0 | D:1      | Reached XP level 1. HP: 20/20 MP: 6/6
    53 | D:1      | Reached XP level 2. HP: 12/26 MP: 7/7
   552 | D:1      | Reached XP level 3. HP: 26/31 MP: 9/9
   635 | D:1      | Reached skill level 5 in Spellcasting
   867 | D:1      | Reached skill level 1 in Invocations
  1516 | D:2      | Reached skill level 1 in Short Blades
  1516 | D:2      | Reached skill level 1 in Long Blades
  1516 | D:2      | Reached skill level 1 in Axes
  1516 | D:2      | Reached skill level 1 in Maces & Flails
  1516 | D:2      | Reached skill level 1 in Staves
  1516 | D:2      | Reached skill level 1 in Slings
  1516 | D:2      | Reached skill level 1 in Bows
  1516 | D:2      | Reached skill level 1 in Crossbows
  1516 | D:2      | Reached skill level 1 in Throwing
  1516 | D:2      | Reached skill level 1 in Stealth
  1516 | D:2      | Reached skill level 1 in Shields
  1516 | D:2      | Reached skill level 1 in Unarmed Combat
  1516 | D:2      | Reached skill level 1 in Evocations
  1604 | D:2      | Found a glowing golden altar of the Shining One.
  1649 | D:2      | Reached XP level 4. HP: 32/38 MP: 11/11
  2300 | D:3      | Reached skill level 1 in Conjurations
  2300 | D:3      | Reached skill level 1 in Hexes
  2300 | D:3      | Reached skill level 1 in Summonings
  2300 | D:3      | Reached skill level 1 in Necromancy
  2300 | D:3      | Reached skill level 1 in Translocations
  2300 | D:3      | Reached skill level 1 in Transmutations
  2300 | D:3      | Reached skill level 1 in Fire Magic
  2300 | D:3      | Reached skill level 1 in Ice Magic
  2300 | D:3      | Reached skill level 1 in Air Magic
  2300 | D:3      | Reached skill level 1 in Earth Magic
  2300 | D:3      | Reached skill level 1 in Poison Magic
  2673 | D:3      | Reached XP level 5. HP: 24/43 MP: 12/12
  2702 | D:3      | Slain by an orc

Illustrated notes

Levels and vault maps discovered:
D:1:      eino_arrival_water_cross, layout_loops_ring
D:2:      layout_basic, lemuel_doored_altar
D:3:      layout_rooms, nicolae_overflow_crystal_walls

Skill      XL: |  1  2  3  4 |
---------------+-------------+-----
Spellcasting   | 5 |  5.1
Invocations    | 1 |  1.5
Short Blades   | 1 |  1.3
Long Blades    | 1 |  1.3
Axes           | 1 |  1.3
Maces & Flails | 1 |  1.3
Staves         | 1 |  1.3
Slings         | 1 |  1.3
Bows           | 1 |  1.3
Crossbows      | 1 |  1.3
Throwing       | 1 |  1.3
Stealth        | 1 |  1.3
Shields        | 1 |  1.3
Unarmed Combat | 1 |  1.3
Evocations     | 1 |  1.3
Conjurations   | 1 |  1.1
Hexes          | 1 |  1.1
Summonings     | 1 |  1.1
Necromancy     | 1 |  1.1
Translocations | 1 |  1.1
Transmutations | 1 |  1.1
Fire Magic     | 1 |  1.1
Ice Magic      | 1 |  1.1
Air Magic      | 1 |  1.1
Earth Magic    | 1 |  1.1
Poison Magic   | 1 |  1.1
Fighting       | |  4.7
Polearms       | |  4.7
Armour         | |  2.9
Dodging        | |  4.7
Charms         | |  5.5

Action                   |  1- 3 |  4- 6 || total
-------------------------+-------+-------++-------
Melee: Spear             |   161 |   119 ||   280
       Bite              |    12 |    10 ||    22
       Punch             |     1 |     1 ||     2
 Cast: Infusion          |     1 |       ||     1
 Stab: Sleeping          |     2 |       ||     2
  Eat: Chunk             |     2 |     4 ||     6
Armor: Leather armour    |    20 |    12 ||    32
Dodge: Dodged            |    92 |    54 ||   146
